 Dungeon Crawl Stone Soup version 0.25-a0-890-g62861fb195 (webtiles) character file.

Game seed: 16886230227869242576, levelgen mode: deterministic

37 Esekla the Conjurer (level 3, -2/25 HPs)
             Began as a Formicid Conjurer on May 2, 2020.
             Slain by a rat (3 damage)
             ... in a sewer.
             The game lasted 00:08:03 (435 turns).

Esekla the Conjurer (Formicid Conjurer)              Turns: 435, Time: 00:08:04

Health: -2/25      AC:  3    Str: 15    XL:     3   Next: 62%
Magic:  5/6        EV: 12    Int: 14    God:
Gold:   33         SH:  0    Dex: 12    Spells: 3/6 levels left

rFire    . . .     SeeInvis +   d - +0 long sword (curse)
rCold    . . .     Gourm    .   (no shield)
rNeg     . . .     Faith    .   h - +0 leather armour
rPois    .         Spirit   .   (helmet unavailable)
rElec    .         Reflect  .   (no cloak)
rCorr    .         Harm     .   (no gloves)
MR       .....                  (no boots)
Stlth    ++........             (no amulet)
HPRegen  0.08/turn              g - +3 ring of strength
MPRegen  0.10/turn              (no ring)

@: no status effects
A: permanent stasis, dig shafts and tunnels, four strong arms, antennae 3
a: Dig, Shaft Self


You were in a sewer.
You were not hungry.

You visited 1 branch of the dungeon, and saw 4 of its levels.
You also visited: Sewer.

You collected 33 gold pieces.

Inventory:

Hand Weapons
 b - a +0 hand axe
 d - a cursed +0 long sword (weapon)
Missiles
 f - 2 poisoned darts (quivered)
Armour
 h - a +0 leather armour (worn)
Jewellery
 g - a +3 ring of strength (left hand)
Wands
 e - a wand of acid (9)
Comestibles
 c - 2 rations


   Skills:
 * Level 0.5 Fighting
 * Level 0.8 Long Blades
 + Level 0.1 Throwing
 * Level 1.1 Armour
 + Level 1.8 Dodging
 - Level 2.4 Stealth
 + Level 2.4 Spellcasting
 + Level 4.1 Conjurations


You had 3 spell levels left.
You knew the following spells:

 Your Spells              Type           Power        Failure   Level  Hunger
a - Magic Dart            Conj           ##..         5%          1    #......
e - Searing Ray           Conj           ##....       8%          2    ###....

Your spell library contained the following spells:

 Spells                   Type           Power        Failure   Level  Hunger
 Dazzling Flash           Conj/Hex       #.....       34%         3    ###....
 Fulminant Prism          Conj/Hex       #.........   75%         4    #####..
 Iskenderun's Mystic Bla  Conj/Tloc      #.......     75%         4    #####..


Dungeon Overview and Level Annotations

Branches:
Dungeon (4/15)              Sewer (1/1)
 Temple: D:4-7

Altars:


Innate Abilities, Weirdness & Mutations

You cannot be hasted, slowed, berserked, paralysed or teleported.
You can dig through walls and to a lower floor.
Your four strong arms can wield two-handed weapons with a shield.
You have a pair of large antennae on your head. (SInv)


Message History

Confirm with . or Enter, or press ? or * to list all spells.
Aiming: Magic Dart (safe; 5% risk of failure)
Press: ? - help, Shift-Dir - straight line, f - rat
Aim: a rat The magic dart hits the rat but does no damage.
You barely miss the rat. The rat closely misses you.
You barely miss the rat. The rat bites you.
* * * LOW HITPOINT WARNING * * *
You hit the rat.
You kill the rat!
The rat closely misses you.
You riposte.
You closely miss the rat. The rat bites you but does no damage.
The rat bites you.
* * * LOW HITPOINT WARNING * * *
You barely miss the rat. The rat misses you.
You riposte.
You hit the rat but do no damage. The rat barely misses you.
You barely miss the rat. The rat bites you.
* * * LOW HITPOINT WARNING * * *
The rat bites you.
You die...

###
#.#
#.#
#r#
#@#
#r#
#.#
#r#
#r#
#.#
#.#
#.#
#.#


You could see a river rat and 3 rats.

Vanquished Creatures
  An adder (D:3)
  An ooze (D:3)
  A worm (D:3)
  A leopard gecko (D:3)
  4 orcs (D:3)
  A giant cockroach (D:3)
  2 goblins (D:3)
  A hobgoblin (D:3)
  2 ball pythons (D:3)
  A bat (D:3)
  A kobold (D:3)
  3 rats
19 creatures vanquished.

Notes
Turn   | Place    | Note
-------+----------+-------------------------------------------
     0 | D:1      | Esekla the Formicid Conjurer began the quest for the Orb.
     0 | D:1      | Reached XP level 1. HP: 13/13 MP: 3/3
   166 | D:3      | Reached XP level 2. HP: 11/19 MP: 1/5
   170 | D:3      | Learned a level 2 spell: Searing Ray
   277 | D:4      | Noticed a phantom
   313 | D:3      | Reached skill level 1 in Armour
   313 | D:3      | Reached XP level 3. HP: 13/25 MP: 1/6
   354 | D:3      | Reached skill level 4 in Conjurations
   368 | D:3      | HP: 1/25 [giant cockroach (1)]
   378 | D:3      | Found a glowing drain.
   426 | Sewer    | Entered a sewer
   435 | Sewer    | HP: 1/25 [rat (1)]
   435 | Sewer    | Slain by a rat

Levels and vault maps discovered:
D:1:      evilmike_arrival_hilbert_curve, layout_basic
D:2:      layout_basic, old_standard_altar, minivault_23
D:3:      layout_basic, chequers_temple_overflow_statue_of_worship,
          zin_statuary, cheibrodos_sewer_entry_drain
D:4:      minmay_wonky_spiral, layout_loops_corners,
          nicolae_overflow_crystal_walls, serial_shops, shop, first_ration,
          minmay_shop_damaged, minmay_crystal_room, st_stairs_1
Sewer:    sewer_kobolds

Skill      XL: |  1  2  3 |
---------------+----------+-----
Armour         | 1 |  1.1
Conjurations   | 4 |  4.1
Fighting       | |  0.5
Long Blades    | |  0.8
Throwing       | |  0.1
Dodging        | |  1.8
Stealth        | |  2.4
Spellcasting   | |  2.4

Action                   || total
-------------------------++-------
Melee: Long sword        ||    38
       Hand axe          ||     2
Throw: Dart              ||     5
 Cast: Magic Dart        ||    12
       Searing Ray       ||     2
Armor: Robe              ||     5
       Leather armour    ||     9
Dodge: Dodged            ||    41
       Rpst.: Long sword ||    11

Table legend:
 A = Non-vault XP
 B = Vault XP
 C = Vault XP percentage of total XP
 D = Non-vault monster count
 E = Vault monster count
 F = Vault count percentage of total count
                 A         B        C        D         E       F
            +---------+---------+-------+---------+---------+-------
      Total |      44 |      10 |  18.5 |      14 |       5 |  26.3
            +---------+---------+-------+---------+---------+-------
        D:3 |      44 |       9 |  17.0 |      14 |       4 |  22.2
      Sewer |       0 |       1 | 100.0 |       0 |       1 | 100.0
            +---------+---------+-------+---------+---------+-------
